 Dungeon Crawl Stone Soup version 0.27.0-1-g7a089689b8 (webtiles) character file.

Game seed: 5233414911937890938

2540 hawla the Reanimator (level 9, -12/70 HPs)
             Began as a Deep Elf Necromancer on Aug 1, 2021.
             Was a Follower of Vehumet.
             Mangled by an orc warrior (13 damage)
             ... on level 9 of the Dungeon.
             The game lasted 00:29:31 (11678 turns).

hawla the Reanimator (Deep Elf Necromancer)        Turns: 11678, Time: 00:29:32

Health: -12/70     AC:  7    Str:  5    XL:     9   Next: 30%
Magic:  16/33      EV: 13    Int: 26    God:    Vehumet [*.....]
Gold:   517        SH:  0    Dex: 15    Spells: 14/26 levels left

rFire    . . .     SeeInvis .   o - +0 quarterstaff
rCold    . . .     Faith    .   (shield currently unavailable)
rNeg     . . .     Spirit   .   a - +1 robe
rPois    +         Reflect  .   f - +1 helmet
rElec    .         Harm     .   i - +0 cloak
rCorr    .         Rampage  .   (no gloves)
Will     .....                  k - +0 pair of boots
Stlth    ..........             (no amulet)
HPRegen  0.21/turn              u - ring "Wutauzunn" {MP+9 Int+2}
MPRegen  0.23/turn              m - ring of poison resistance

@: berserking, wereblooded, very quick
A: no striking features
a: Renounce Religion


You were on level 9 of the Dungeon.
You worshipped Vehumet.
Vehumet was aware of your devotion.
You visited 2 branches of the dungeon, and saw 10 of its levels.

You collected 517 gold pieces.

Inventory:

Hand Weapons
 o - a +0 quarterstaff (weapon)
Missiles
 g - a poisoned dart (quivered)
 p - 3 atropa-tipped darts
 C - 8 boomerangs
Armour
 a - a +1 robe (worn)
 f - a +1 helmet (worn)
 i - a +0 cloak (worn)
 k - a +0 pair of boots (worn)
Jewellery
 d - a +4 ring of protection
 e - a ring of see invisible
 j - the ring "Wusethrosme" {Fly Int+2}
   (You found it on level 7 of the Dungeon)

   [ring of flight]

   Int:       It affects your intelligence (+2).
   Fly:       It grants you flight.
 m - a ring of poison resistance (right hand)
 r - a ring of resist corrosion
 u - the ring "Wutauzunn" (left hand) {MP+9 Int+2}
   (You found it on level 7 of the Dungeon)

   [ring of magical power]

   Int:       It affects your intelligence (+2).
   MP:        It affects your magic capacity (+9).
 y - a +4 ring of evasion
 B - an amulet of faith
Scrolls
 b - 3 scrolls of teleportation
 c - 3 scrolls of fog
 h - a scroll of amnesia
 n - 6 scrolls of identify
 q - 5 scrolls of enchant weapon
 v - a scroll of holy word
 x - a scroll of summoning {unknown}
 A - a scroll of vulnerability {unknown}
Potions
 s - 2 potions of magic
 w - a potion of might
 z - a potion of brilliance {unknown}


   Skills:
 + Level 1.4 Fighting
 + Level 5.2 Staves
 + Level 1.0 Throwing
 + Level 4.0 Dodging
 + Level 3.3 Stealth
 + Level 9.2 Spellcasting
 + Level 0.4 Conjurations
 + Level 10.8 Necromancy
 + Level 0.1 Transmutations


You had 14 spell levels left.
You knew the following spells:

 Your Spells              Type           Power      Damage    Failure   Level
a - Pain                  Necr           100%       1d9       1%          1
b - Animate Skeleton      Necr           100%       N/A       1%          1
c - Animate Dead          Necr           31%        N/A       1%          4
d - Vampiric Draining     Necr           31%        2d10      1%          3
e - Magic Dart            Conj           56%        1d5       4%          1
f - Wereblood             Tmut           12%        N/A       7%          2

Your spell library contained the following spells:

 Spells                   Type           Power      Damage    Failure   Level
 Agony                    Necr           62%        N/A       1%          5
 Beastly Appendage        Tmut           24%        N/A       4%          1
 Searing Ray              Conj           28%        3d4       6%          2
 Call Imp                 Summ           11%        N/A       8%          2
 Passwall                 Tmut/Erth      10%        N/A       8%          2
 Mephitic Cloud           Conj/Pois/Air  12%        N/A       14%         3
 Spider Form              Tmut/Pois      6%         N/A       14%         3
 Gell's Gravitas          Tloc           5%         N/A       16%         3
 Lesser Beckoning         Tloc           5%         N/A       16%         3
 Swiftness                Air            11%        N/A       16%         3
 Teleport Other           Tloc           11%        N/A       16%         3
 Hailstorm                Conj/Ice       13%        3d5       41%         4
 Bolt of Magma            Conj/Fire/Erth 6%         4d6       78%         5
 Invisibility             Hex            5%         N/A       100%        6
 Lehudib's Crystal Spear  Conj/Erth      6%         10d3      100%        8


Dungeon Overview and Level Annotations

Branches:
Dungeon (9/15)             Temple (1/1) D:4
   Lair: D:8-11         Orc: D:9-12

Altars:
Ashenzari
Dithmenos
Elyvilon
Fedhas
Gozag
Hepliaklqana
Kikubaaqudgha
Makhleb
Nemelex Xobeh
Okawaru
Qazlal
Ru
Sif Muna
Trog
Vehumet
Wu Jian
Yredelemnul
Zin
The Shining One

Annotations:
D:5 3 runed translucent doors, DocClef's ghost, amateur GnDe


Message History

You howl as the wereblood boils in your veins!
The orc warrior hits you with a +0 short sword!
You are too injured to fight recklessly!
Casting: Vampiric Draining (safe; 1% risk of failure)
Confirm with . or Enter, or press ? or * to list all spells.
There is nothing nearby to animate!
Casting: Animate Dead (dangerous; 1% risk of failure)
Confirm with . or Enter, or press ? or * to list all spells.
Aiming: Vampiric Draining (safe; 1% risk of failure)
Press: ? - help, Shift-Dir - straight line, f - orc warrior
Aim: an orc warrior, wielding a +0 short sword and wearing a +0 plate armour You draw life force from the orc warrior!
You feel life coursing into your body.
The orc warrior hits you with a +0 short sword!
Casting: Vampiric Draining (safe; 1% risk of failure)
Confirm with . or Enter, or press ? or * to list all spells.
Aiming: Vampiric Draining (safe; 1% risk of failure)
Press: ? - help, Shift-Dir - straight line, f/p - orc warrior
Aim: an orc warrior, wielding a +0 short sword and wearing a +0 plate armour (moderately wounded)
You draw life force from the orc warrior!
You feel life coursing into your body! The orc barely misses you.
The orc warrior hits you with a +0 short sword!
* * * LOW HITPOINT WARNING * * *
The orc barely misses you.
Okay, then.
You feel better. The orc hits you with a +0 flail.
* * * LOW HITPOINT WARNING * * *
The orc warrior completely misses you. The orc hits you but does no damage.
A red film seems to cover your vision as you go berserk!
You feel yourself moving faster!
You feel mighty!
You howl as the wereblood boils in your veins!
The orc closely misses you.
The orc warrior hits you with a +0 short sword!
* * * LOW HITPOINT WARNING * * *
The orc barely misses you.
You barely miss the orc warrior.
The orc warrior is severely wounded.
The orc misses you.
The orc warrior hits you with a +0 short sword!
You die...

#########
#.......#
#......<#
#.......#
#.......#
#.......###
#.........#
#.......#.#
#..(.o@.#..+
...((.oo.#
##
##.......#
#.......#
##.###### #.
#


You could see an orc warrior and 2 orcs.

Vanquished Creatures
  Maggie (D:8)
  Prince Ribbit (D:9)
  A steam dragon (D:7)
  A water moccasin (D:6)
  A black bear (D:7)
  An orc warrior (D:8)
  2 necrophages
  An ogre (D:5)
  2 centaurs
  A bullfrog (D:6)
  3 scorpions (D:5)
  3 killer bees (D:8)
  2 howler monkeys
  An electric eel (D:8)
  A centaur zombie (D:5)
  A bullfrog zombie (D:5)
  2 centaur skeletons
  A hound (D:4)
  2 jellies
  4 orc priests
  2 gnoll shamans
  2 iguanas
  2 orc wizards
  A howler monkey zombie (D:4)
  Robin (D:4)
  8 gnolls
  6 adders
  A white imp (D:6)
  3 adder skeletons
  2 adder zombies (D:5)
  3 worms
  2 dart slugs
  14 orcs
  5 endoplasms
  2 giant cockroaches
  13 goblins
  8 hobgoblins
  A kobold (D:1)
  5 ball pythons
  3 bats
  3 frilled lizards
  4 rats
  A spectral orc (D:7)
124 creatures vanquished.

Vanquished Creatures (collateral kills)
  An endoplasm (D:4)
  4 goblins (D:4)
  A hobgoblin (D:1)
6 creatures vanquished.

Grand Total: 130 creatures vanquished

Notes
Turn   | Place    | Note
-------+----------+-------------------------------------------
     0 | D:1      | hawla the Deep Elf Necromancer began the quest for the Orb.
     0 | D:1      | Reached XP level 1. HP: 10/10 MP: 6/6
     6 | D:1      | Learned a level 1 spell: Animate Skeleton
   173 | D:1      | Reached skill level 5 in Necromancy
   415 | D:1      | Reached XP level 2. HP: 11/15 MP: 3/8
   724 | D:1      | Found a faded altar of an unknown god.
  1194 | D:2      | Reached XP level 3. HP: 17/19 MP: 6/10
  2243 | D:2      | You fall into a shaft and drop 2 floors!
  2243 | D:4      | Found a staircase to the Ecumenical Temple.
  2253 | Temple   | Entered the Ecumenical Temple
  2338 | Temple   | Became a worshipper of Vehumet
  2657 | D:4      | Reached skill level 6 in Necromancy
  2657 | D:4      | Reached XP level 4. HP: 18/24 MP: 12/12
  2662 | D:4      | Learned a level 4 spell: Animate Dead
  3136 | D:2      | Found an ornate altar of the Wu Jian Council.
  3566 | D:3      | Learned a level 3 spell: Vampiric Draining
  3780 | D:3      | Reached skill level 7 in Necromancy
  3896 | D:3      | Reached XP level 5. HP: 21/28 MP: 9/13
  4897 | D:4      | Reached skill level 1 in Staves
  5000 | D:4      | Noticed Robin
  5037 | D:4      | Killed Robin
  5037 | D:4      | Reached * piety under Vehumet
  5037 | D:4      | Offered knowledge of Magic Dart by Vehumet.
  5298 | D:4      | Reached skill level 8 in Necromancy
  5528 | D:5      | Entered Level 5 of the Dungeon
  5542 | D:5      | Noticed an ogre
  5554 | D:5      | Reached XP level 6. HP: 27/32 MP: 8/14
  5563 | D:5      | HP: 1/32 [ogre (13)]
  6034 | D:5      | Learned a level 1 spell: Magic Dart
  6301 | D:5      | Found a bloodstained altar of Trog.
  6428 | D:5      | Reached XP level 7. HP: 17/36 MP: 8/16
  6697 | D:5      | Found a runed translucent gate.
  6697 | D:5      | Found a runed translucent gate.
  6697 | D:5      | Found a runed translucent gate.
  6751 | D:5      | Reached skill level 5 in Spellcasting
  6889 | D:5      | Reached skill level 9 in Necromancy
  7038 | D:5      | Found a shimmering blue altar of Sif Muna.
  7213 | D:5      | Noticed DocClef's ghost (amateur GnDe)
  7512 | D:6      | Reached XP level 8. HP: 26/42 MP: 11/18
  7943 | D:6      | Found a sparkling altar of Nemelex Xobeh.
  8039 | D:6      | Reached skill level 1 in Fighting
  8479 | D:7      | Identified the ring "Wusethrosme" {Fly Int+2}
  8544 | D:7      | Identified the ring "Wutauzunn" {MP+9 Int+2}
  8821 | D:7      | Noticed a cyclops
  8994 | D:7      | Reached skill level 10 in Necromancy
  9262 | D:7      | Found a basalt altar of Yredelemnul.
  9354 | D:7      | Found a sacrificial altar of Ru.
  9765 | D:7      | Learned a level 2 spell: Wereblood
 10103 | D:8      | Noticed Maggie
 10112 | D:8      | Killed Maggie
 10113 | D:8      | Reached XP level 9. HP: 15/47 MP: 5/23
 10420 | D:8      | Reached ** piety under Vehumet
 10421 | D:8      | Reached skill level 5 in Staves
 10793 | D:8      | Identified the +0 leather armour of Defiance {-Tele Rampage
                  | +Inv rCorr}
 10997 | D:8      | Got the Handbook of Earthen Conjuration
 11645 | D:9      | Noticed Prince Ribbit
 11662 | D:9      | Killed Prince Ribbit
 11663 | D:9      | Reached skill level 1 in Throwing
 11677 | D:9      | HP: 1/70 [orc warrior (16)]
 11678 | D:9      | Mangled by an orc warrior

Illustrated notes

Levels and vault maps discovered:
D:1:      eino_arrival_cavern_a, layout_rooms, basic_ecumenical_altar
D:2:      layout_basic, basic_altar
D:3:      layout_basic, minmay_misc_feat_ornament, serial_bayou_ford_a,
          kennysheep_flooded_box, chequers_jeans
D:4:      wander_river, layout_basic, minmay_temple_entry_poolview,
          corexii_leaking_fountain, uniq_robin
D:5:      minmay_spotlight, layout_loops_ring, overflow_temple_1_default,
          nicolae_sif_muna_condensation, gammafunk_ghost_icy
D:6:      layout_basic, nemelex_xobeh_ov_fountains_minmay
D:7:      layout_basic, mainiacjoe_overflow_small_starburst,
          yredelemnul_forgotten_temple_becter, mrwooster_statue_mirror
D:8:      layout_basic, amethyst_killhole, lightli_minifort, uniq_maggie
D:9:      layout_roguey, xom_teletrap_fun, jmf_multi_god_temple2, serial_shops,
          shop, shop, uniq_prince_ribbit1
Temple:   zaba_magenta_temple

Skill      XL: |  1  2  3  4  5  6  7  8  9 |
---------------+----------------------------+-----
Necromancy     | 5 6 7 8 9 10 | 10.8
Spellcasting   | 4 5 8 9 |  9.2
Staves         | 2 4 5 |  5.2
Dodging        | 3 4 |  4.0
Fighting       | 1 |  1.4
Stealth        | 3 |  3.3
Throwing       | 1 |  1.0
Conjurations   | |  0.4
Transmutations | |  0.1

Action                   |  1- 3 |  4- 6 |  7- 9 || total
-------------------------+-------+-------+-------++-------
Melee: Dagger            |    32 |    62 |       ||    94
       Quarterstaff      |       |    46 |   111 ||   157
Throw: Dart              |     1 |       |    20 ||    21
 Cast: Pain              |    47 |    62 |    58 ||   167
       Animate Skeleton  |     4 |     3 |       ||     7
       Animate Dead      |       |    10 |     6 ||    16
       Vampiric Draining |       |     5 |    44 ||    49
       Magic Dart        |       |     6 |    11 ||    17
       Wereblood         |       |       |     5 ||     5
  Use: Scroll            |     3 |     4 |     7 ||    14
       Potion            |     3 |     4 |     4 ||    11
 Stab: Sleeping          |       |     1 |     1 ||     2
Armor: Robe              |    38 |    60 |   105 ||   203
Dodge: Dodged            |    50 |    87 |   150 ||   287
